 Dungeon Crawl Stone Soup version 0.20-a0-77-g476458c (webtiles) character file.

243 KristoblXynda the Chopper (level 5, -2/41 HPs)
             Began as a Draconian Skald on Nov 19, 2016.
             Was a Follower of Uskayaw.
             Killed by nerve-wracking pain
             ... invoked by an orc priest
              (10 damage)
             ... on level 3 of the Dungeon.
             The game lasted 00:06:02 (3990 turns).

KristoblXynda the Chopper (Draconian Skald)         Turns: 3990, Time: 00:06:03

Health: -2/41      AC:  5    Str: 14    XL:     5   Next: 82%
Magic:  8/8        EV: 13    Int: 14    God:    Uskayaw [*.....]
Gold:   110        SH:  0    Dex: 10    Spells: 2 memorised, 2 levels left

rFire  . . .     SeeInvis .     a - +1 hand axe
rCold  . . .     Gourm    .     (armour unavailable)
rNeg   . . .     Faith    .     (no shield)
rPois  .         Spirit   .     (helmet restricted)
rElec  .         Reflect  .     (no cloak)
rCorr  .         Harm     .     (no gloves)
MR     .....                    (no boots)
Stlth  +.........               (no amulet)
                                (no ring)
                                (no ring)

@: no status effects
A: unfitting armour, cold-blooded, AC +5
a: Stomp, Renounce Religion


You were on level 3 of the Dungeon.
You worshipped Uskayaw.
Uskayaw was noncommittal.
You were not hungry.

You visited 1 branch of the dungeon, and saw 3 of its levels.

You collected 110 gold pieces.

Inventory:

Hand Weapons
 a - a +1 hand axe (weapon)
Scrolls
 g - a scroll of amnesia
Potions
 h - 2 potions of heal wounds {unknown}
 i - a potion of cure mutation
Books
 b - a book of Battle

   Spells                             Type                      Level
   a - Infusion                       Charms                       1
   b - Shroud of Golubria             Charms/Translocation         2
   c - Song of Slaying                Charms                       2
   d - Spectral Weapon                Hexes/Charms                 3
   e - Regeneration                   Charms/Necromancy            3
Comestibles
 c - a bread ration
 d - a royal jelly
 f - 3 fruits
 k - 2 meat rations


   Skills:
 - Level 2.1 Fighting
 + Level 4.2 Axes
 + Level 3.6 Dodging
 - Level 2.0 Spellcasting
 + Level 3.5 Charms


You had 2 spell levels left.
You knew the following spells:

 Your Spells              Type           Power        Failure   Level  Hunger
a - Regeneration          Chrm/Necr      #.........   38%         3    ####...
b - Spectral Weapon       Hex/Chrm       #.......     38%         3    ####...


Dungeon Overview and Level Annotations

Branches:
Dungeon (3/15)

Altars:
Makhleb
Trog
Uskayaw

Annotations:
D:2 Sigmund


Innate Abilities, Weirdness & Mutations

Your plain brown scales are hard. (AC +5)
You cannot fit into any form of body armour.
You are cold-blooded and may be slowed by cold attacks.


Message History

You hit the orc. The orc priest barely misses you.
You hit the orc.
The orc is heavily wounded.
You hit the orc priest but do no damage.
The orc misses you.
You barely miss the orc priest.
The orc priest is lightly wounded.
You hit the orc. The orc misses you.
The orc priest invokes the aid of Beogh against you.
Pain shoots through your body!
* * * LOW HITPOINT WARNING * * *
Unknown command.
You hit the orc priest but do no damage.
The orc priest is lightly wounded.
You hit the orc. You barely miss the orc wizard. The orc misses you.
The orc wizard hits you with a dagger.
* * * LOW HITPOINT WARNING * * *
The orc priest calls down the wrath of Beogh upon you.
Pain shoots through your body!
You die...

###########.......#
####.................#
........##.###.......#*#**
<.......##.##.......##..,*
#.......##<#...........#,*
.......###.#........##..,*
##.#...###.#.8.8.8..#**.**
#.................## *,*
###...###.....o@..# *,* #####..#
##.#..oo..# *,* .......#
#..#_)..o.# *,* #####)##
#..#......# *,** ##).#
#.........# *,,****
###...####.........#***,,,,,*****
.........'...8.8.8.',,,,,,,,,,,,,
###<..####.........##**,,,,,,,***
#.......##.......## *,,**,*,*


You could see an orc priest, an orc wizard and 2 orcs.

Vanquished Creatures
  A howler monkey (D:2)
  A hound (D:2)
  2 orc wizards (D:3)
  2 adders (D:2)
  An ooze (D:2)
  4 worms (D:2)
  4 dart slugs
  3 leopard geckos
  2 orcs (D:3)
  2 ball pythons (D:1)
  6 bats
  5 giant cockroaches
  9 goblins
  10 hobgoblins
  8 jackals
  3 frilled lizards
  5 kobolds
  5 rats
73 creatures vanquished.

Notes
Turn   | Place    | Note
-------+----------+-------------------------------------------
     0 | D:1      | KristoblXynda the Draconian Skald began the quest for the Orb.
     0 | D:1      | Reached XP level 1. HP: 17/17 MP: 3/3
    91 | D:1      | Reached XP level 2. HP: 9/24 MP: 5/5
   584 | D:1      | Reached XP level 3. HP: 29/29 MP: 6/6
  1175 | D:3      | Noticed a phantom
  1769 | D:2      | Reached skill level 3 in Axes
  1829 | D:2      | Reached XP level 4. HP: 9/36 MP: 7/7
  2189 | D:2      | Found a bloodstained altar of Trog.
  2451 | D:2      | Noticed Sigmund
  2485 | D:2      | HP: 1/36 [something/magic dart (6)]
  3330 | D:2      | Found a burning altar of Makhleb.
  3346 | D:2      | Reached XP level 5. HP: 14/41 MP: 8/8
  3354 | D:2      | Reached skill level 4 in Axes
  3572 | D:2      | Learned a level 3 spell: Regeneration
  3576 | D:2      | Learned a level 3 spell: Spectral Weapon
  3882 | D:3      | Found a hide-covered altar of Uskayaw.
  3898 | D:3      | Became a worshipper of Uskayaw the Reveler
  3922 | D:3      | Reached * piety under Uskayaw
  3926 | D:3      | Reached ** piety under Uskayaw
  3990 | D:3      | Killed from afar by an orc priest

Vault maps used:
D:1:      noname_arrival_rooms_in_the_neighbourhood
D:2:      bloody_trog, first_bread, makhleb_heckhound_becter, uniq_sigmund
D:3:      eat_drink_and_be_merry_uskayaw, minmay_door_square,
          nicolae_qazlal_general_emergency

Skill      XL: |  1  2  3  4  5 |
---------------+----------------+-----
Charms         | 3 |  3.5
Dodging        | 2 3 |  3.6
Axes           | 3 4 |  4.2
Fighting       | |  2.1
Spellcasting   | |  2.0

Action                   |  1- 3 |  4- 6 || total
-------------------------+-------+-------++-------
Melee: Hand axe          |   196 |   141 ||   337
       Tailslap          |    16 |    12 ||    28
  Use: Scroll            |     4 |     2 ||     6
       Potion            |     2 |     2 ||     4
 Stab: Sleeping          |     1 |       ||     1
  Eat: Chunk             |     2 |     2 ||     4
       Pizza             |     1 |       ||     1
       Bread ration      |       |     1 ||     1
Armor: Skin              |    77 |    42 ||   119
Dodge: Dodged            |   158 |    87 ||   245
